AoeStats
← lbaquino21

Arabia

508980918Analyzed
1v1 RM · 6d ago on Sep 24, 2026· 32m 23s· 2 players
Game mode
Random Map
Map size
Tiny (2 player)
Population
200
Speed
Normal
Resources
Standard
Victory
Conquest
Starting age
Dark Age
Ending age
Imperial Age
RankedLock teamsTeams togetherTeam positionsShared explorationLock speedFull tech treeHidden civsTurbo modeCheats
Victory
Defeat
🇨🇳 Huns · China
836
+17
🇧🇷 Varangians · Brazil
861
-46
二驴
3:23 Loom
10:46 Feudal Age
18:24 Castle Age
17:17 Forging
17:28 Scale Barding Armor
19:49 Wheelbarrow
19:21 Husbandry
19:26 Horse Collar
20:29 Double-Bit Axe
22:09 Hand Cart
25:05 Gold Mining
26:35 Town Watch
27:29 Stone Mining
29:14 Chain Barding Armor
29:50 Sanctity
30:45 Iron Casting
lbaquino21
9:11 Loom
11:18 Feudal Age
9:41 Loom
12:42 Wheelbarrow
15:25 Double-Bit Axe
23:43 Bloodlines
24:30 Scale Barding Armor
Connection lost

Rejoining the realm…

Still unreachable

The connection could not be restored.

Session expired

The server has moved on; the page needs a fresh start.